 Dungeon Crawl Stone Soup version 0.26.1-11-gd32895ea62 (webtiles) character file.

Game seed: 7238803356549846119

18 Zeld the Insei (level 2, -2/18 HPs)
             Began as an Octopode Transmuter on May 26, 2021.
             Slain by a hobgoblin
             ... wielding a cursed -2 club
              (4 damage)
             ... on level 1 of the Dungeon.
             The game lasted 00:01:02 (615 turns).

Zeld the Insei (Octopode Transmuter)                 Turns: 615, Time: 00:01:03

Health: -2/18      AC:  1    Str:  9    XL:     2   Next: 66%
Magic:  3/5        EV: 13    Int: 15    God:
Gold:   31         SH:  0    Dex: 12    Spells: 2/5 levels left

rFire    . . .     SeeInvis .     - Unarmed
rCold    . . .     Faith    .   (no shield)
rNeg     . . .     Spirit   .   (helmet currently unavailable)
rPois    .         Reflect  .   (no amulet)
rElec    .         Harm     .   (no ring)
rCorr    .         Rampage  .   (no ring)
Will     .....                  (no ring)
Stlth    ++........             (no ring)
HPRegen  0.06/turn              (no ring)
MPRegen  0.09/turn              (no ring)
                                (no ring)
                                (no ring)

@: appendages (expiring), wereblooded
A: almost no armour, stealthy swim, amphibious, 8 rings, constrict 8, tentacle
spike 3, camouflage 1, gelatinous body 1
a: End Transformation


You were on level 1 of the Dungeon.
One of your tentacles had a temporary spike.
You visited 1 branch of the dungeon, and saw 1 of its levels.

You collected 31 gold pieces.

Inventory:

Jewellery
 c - a +4 ring of protection {unknown}
Scrolls
 a - a scroll of identify {unknown}
 b - a scroll of teleportation {unknown}
Potions
 d - a potion of heal wounds {unknown}


   Skills:
 + Level 1.3 Fighting
 + Level 2.2 Dodging
 - Level 3.0 Unarmed Combat
 * Level 2.3 Spellcasting
 * Level 2.4 Transmutations


You had 2 spell levels left.
You knew the following spells:

 Your Spells              Type           Power        Failure   Level
a - Beastly Appendage     Tmut           16%          9%          1
b - Wereblood             Tmut           8%           12%         2

Your spell library contained the following spells:

 Spells                   Type           Power        Failure   Level
 Spider Form              Tmut/Pois      2%           36%         3
 Ice Form                 Ice/Tmut       5%           78%         4
 Blade Hands              Tmut           4%           92%         5


Dungeon Overview and Level Annotations

Branches:
Dungeon (1/15)

Altars:


Innate Abilities, Weirdness & Mutations

You cannot wear most types of armour.
You are very stealthy in the water. (Stealth+)
You are amphibious.
You can wear up to eight rings at the same time.
You can use your tentacles to constrict eight enemies at once.
Your skin changes colour to match your surroundings (Stealth+).
Your rubbery body absorbs attacks. (AC +1, EV +1)
One of your tentacles bears a large vicious spike.


Message History

The leopard gecko barely misses you.
You tentacle-slap the leopard gecko. You grab the leopard gecko.
You pierce the leopard gecko.
The leopard gecko is almost dead.
You constrict the leopard gecko.
You kill the leopard gecko!
The rat twitches its whiskers.
Press: ? - help, v - describe, . - travel, g - get item
Here: a rat Item here: a leopard gecko corpse.
The floor.
You tentacle-slap the rat but do no damage.
You grab the rat. Your squeeze misses the rat. You constrict the rat.
The rat bites you.
* * * LOW HITPOINT WARNING * * *
You tentacle-slap the rat.
You kill the rat!
You howl as the wereblood boils in your veins!
The hobgoblin hits you with a cursed -2 club.
You die...

......... .....(...
......... .. . #.......##
... ....# ........?## ...
##.....# ..........## #.#
#....... .........gl# #.#
###..(.... ........l#g# #.#
#.........
.........#@###.###..#.....#
.....>..##.....#...........
.........##..†.............
...........................
........###.....######.###.
........##....#.# #.# #.
..............#.# #.# #.
###.#.##.. #.###. #
#..#.##### #.##..


You could see 2 hobgoblins and a frilled lizard.

Vanquished Creatures
  A leopard gecko (D:1)
  2 ball pythons (D:1)
  A bat (D:1)
  2 giant cockroaches (D:1)
  3 goblins (D:1)
  2 hobgoblins (D:1)
  A frilled lizard (D:1)
  A kobold (D:1)
  3 rats (D:1)
16 creatures vanquished.

Notes
Turn   | Place    | Note
-------+----------+-------------------------------------------
     0 | D:1      | Zeld the Octopode Transmuter began the quest for the Orb.
     0 | D:1      | Reached XP level 1. HP: 13/13 MP: 3/3
   324 | D:1      | Reached XP level 2. HP: 18/18 MP: 3/5
   327 | D:1      | Learned a level 2 spell: Wereblood
   615 | D:1      | Slain by a hobgoblin

Illustrated notes

Levels and vault maps discovered:
D:1:      scummos_arrival_simple_fountains, layout_rooms,
          chequers_serial_rivers_room_a

Action                   || total
-------------------------++-------
Melee: Unarmed           ||    33
       Constrict         ||    10
       Kick              ||     6
       Tentacles         ||     3
 Cast: Beastly Appendage ||    11
       Wereblood         ||     1
 Stab: Sleeping          ||     4
Armor: Skin              ||     1
Dodge: Dodged            ||    19
